 Dungeon Crawl Stone Soup version 0.18-a0-246-gbfa2ae1 (webtiles) character file.

125 coffecat the Sneak (level 5, 0/26 HPs)
             Began as a Vine Stalker Assassin on Nov 26, 2015.
             Slain by a worker ant (1 damage)
             ... on level 6 of the Dungeon.
             The game lasted 00:14:14 (1061 turns).

coffecat the Sneak (Vine Stalker Assassin)          Turns: 1061, Time: 00:14:15

Health: 0/26       AC:  6    Str: 18    XL:     5   Next: 9%
Magic:  0/6        EV: 11    Int: 11    God:
Gold:   63         SH:  0    Dex: 16    Spells: 0 memorised, 4 levels left

rFire  . . .     SeeInvis .     s - +1 spear of Evil {pain, +Rage Str+4 Stlth+}
rCold  . . .     Clarity  .     n - +0 ring mail
rNeg   . . .     SustAt   .     (no shield)
rPois  .         Gourm    .     (no helmet)
rElec  .         Spirit   +     d - +0 cloak
rCorr  .         Warding  .     (no gloves)
rMut   .         Stasis   .     (no boots)
MR     .....                    (no amulet)
Stlth  ++++......               (no ring)
                                (no ring)

@: lethally poisoned (0 -> -2), not resistant to hostile enchantments, stealthy
A: fangs 2, regeneration 1, magic shield, antimagic bite, no device heal 3, rot
immunity
a: Evoke Berserk Rage


You were on level 6 of the Dungeon.
You were not hungry.

You visited 1 branch of the dungeon, and saw 6 of its levels.

You collected 63 gold pieces.

Inventory:

Hand Weapons
 a - a +2 dagger
 b - a +1 blowgun
 s - the +1 spear of Evil (weapon) {pain, +Rage Str+4 Stlth+}
   (You found it on level 4 of the Dungeon)

   In the hands of one skilled in necromantic magic, it inflicts extra damage on
   living creatures.
   It affects your strength (+4).
   It lets you go berserk.
   It makes you more stealthy.
Missiles
 e - 5 poisoned needles
 f - 2 curare-tipped needles
Armour
 c - a +0 robe
 d - a +0 cloak (worn)
 n - a +0 ring mail (worn)
Jewellery
 h - an uncursed amulet of stasis {unknown}
Scrolls
 i - a scroll of recharging {unknown}
 k - a scroll of identify {unknown}
 l - a scroll of blinking {unknown}
 o - a scroll of enchant armour {unknown}
 p - a scroll of random uselessness {unknown}
 r - a scroll of magic mapping {unknown}
Potions
 j - a potion of curing {unknown}
 m - a potion of heal wounds {unknown}
Comestibles
 g - 2 bread rations
 q - a meat ration
 t - 2 fruits
 u - a slice of pizza


   Skills:
 + Level 2.2 Fighting
 + Level 2.4 Short Blades
 + Level 0.1 Polearms
 + Level 2.0 Throwing
 + Level 0.5 Armour
 + Level 2.0 Dodging
 + Level 5.9 Stealth


You had 4 spell levels left.
You didn't know any spells.

Dungeon Overview and Level Annotations

Branches:
Dungeon (6/15)             Temple (0/1) D:4

Altars:


Innate Abilities, Weirdness & Mutations

You have extremely sharp teeth.
Your natural rate of healing is unusually fast.
When hurt, damage is shared between your health and your magic reserves.
Your bite disrupts and absorbs the magic of your enemies.
Potions and wands cannot restore your health.
You are immune to rotting.


Message History

The worker ant is severely wounded.
The worker ant misses you.
The orc wizard mumbles some strange words.
The orc wizard seems to speed up.
The worker ant bites you.
* * * LOW HITPOINT WARNING * * *
You are lethally poisoned!
The worker ant poisons you!
* * * LOW HITPOINT WARNING * * *
You feel sick.
The orc wizard casts a cantrip, but nothing happens.
You hit the worker ant but do no damage.
Your bite misses the worker ant.
The worker ant is severely wounded.
* * * LOW HITPOINT WARNING * * *
You feel sick. The worker ant barely misses you.
You closely miss the worker ant.
The worker ant is severely wounded.
* * * LOW HITPOINT WARNING * * *
You feel sick. The worker ant misses you. The worker ant bites you.
You die...

##...### #......
#..... #.... #... #..
######.######
##....#@.....#
#....ooa.....#
#.[...o......+
#...l........#
##...o##.....#
#....o##.....#
#......#.....#
##.....#.....#
.......#.....########


You could see an iguana, a worker ant, an orc priest, an orc wizard and 3 orcs.

Vanquished Creatures
  A hound (D:4)
  A crimson imp (D:5)
  A worker ant (D:4)
  An adder (D:4)
  3 orcs (D:4)
  4 goblins (D:1)
  A hobgoblin (D:1)
  3 bats (D:1)
  3 giant geckos
  A giant gecko skeleton (D:5)
  2 giant newts (D:1)
  2 jackals (D:1)
  A jackal skeleton (D:4)
  A kobold (D:1)
  4 rats (D:1)
29 creatures vanquished.

Notes
Turn   | Place    | Note
--------------------------------------------------------------
     0 | D:1      | coffecat the Vine Stalker Assassin began the quest for the Orb.
     0 | D:1      | Reached XP level 1. HP: 11/11 MP: 2/2
    67 | D:1      | Reached skill level 5 in Stealth
   136 | D:1      | Reached XP level 2. HP: 15/15 MP: 3/3
   396 | D:1      | Reached skill level 1 in Dodging
   540 | D:4      | Reached XP level 3. HP: 18/18 MP: 4/4
   710 | D:4      | Found a staircase to the Ecumenical Temple.
   805 | D:4      | Reached XP level 4. HP: 16/23 MP: 5/5
   932 | D:4      | Got a brightly glowing spear
   934 | D:4      | Identified the +1 spear of Evil {pain, +Rage Str+4 Stlth+} (You found it on level 4 of the Dungeon)
   944 | D:5      | Entered Level 5 of the Dungeon
  1006 | D:5      | Reached XP level 5. HP: 26/26 MP: 6/6
  1061 | D:6      | HP: 1/26 [poisoned by a worker ant]
  1061 | D:6      | Slain by a worker ant

Vault maps used:
D:1:      sevenhm_arrival_forest_fort_small_3
D:2:      dk_yredelemnul_ordeal
D:3:      cheibrodos_ashenzari_chains, first_bread,
          hangedman_decor_clover_reticule
D:4:      minmay_temple_entry_trees
D:5:      minitemple
D:6:      nemelex_deck, uniq_duvessa, uniq_eustachio

Action                   |  1- 3 |  4- 6 || total
-------------------------+-------+-------++-------
Melee: Dagger            |   113 |     5 ||   118
       Spear             |       |    24 ||    24
  Use: Scroll            |     2 |       ||     2
 Stab: Sleeping          |     5 |       ||     5
  Eat: Fruit             |       |     1 ||     1
